 Dungeon Crawl Stone Soup version 0.31-a0-339-gda1cbd555d (webtiles) character file.

Game seed: 10228837382624452377

18937 arthad the Fighter (level 13, -3/99 HPs)
             Began as a Djinni Fire Elementalist on July 20, 2023.
             Was a High Priest of Makhleb.
             Slain by a vampire mosquito (5 damage)
             ... on level 13 of the Dungeon.
             The game lasted 00:39:42 (10361 turns).

arthad the Fighter (Djinni Fire Elementalist)      Turns: 10361, Time: 00:39:43

Health: -3/99      AC: 13    Str:  7    XL:     13   Next: 0%
Gold:   747        EV: 17    Int: 28    God:    Makhleb [*****.] SH:  0 Dex: 21

rFire   + + .        G - +1 war axe (vamp)
rCold   . . .        (no shield)
rNeg    . . .        T - +0 acid dragon scales
rPois   ∞            t - +1 helmet of the Orcish Mines {rF+ Dex+4}
rElec   .            r - +1 cloak
rCorr   +            I - +0 pair of gloves
SInv    .            (boots unavailable)
Will    +....        D - amulet of regeneration
Stlth   ++++         q - ring of the Endless Expanse {rPois Int+6 Dex+3}
HPRegen 1.16/turn    v - ring of ice
MPRegen 0.00/turn

%: infuse magic (-4 HP)
@: about to teleport, flying
A: sickness immunity, fire resistance 2, cold vulnerability 1, float, innate
caster, HP casting, extra vitality 1
a: Renounce Religion, Minor Destruction, Lesser Servant of Makhleb, Major
Destruction, Greater Servant of Makhleb


You were on level 13 of the Dungeon.
You worshipped Makhleb.
Makhleb was extremely pleased with you.
You visited 2 branches of the dungeon, and saw 14 of its levels.
You also visited: Sewer.

You collected 931 gold pieces.
You spent 184 gold pieces at shops.

Inventory:

Hand Weapons
 z - a +0 dagger of speed
 G - a +1 vampiric war axe (weapon)
 P - a +4 scimitar of flaming
 S - a +1 spear of flaming
 X - a +0 triple crossbow
Missiles
 b - 5 javelins
 l - 38 poisoned darts
 u - 4 boomerangs of dispersal
 U - 2 curare-tipped darts
 W - 6 datura-tipped darts
Armour
 a - a +0 robe
 r - a +1 cloak (worn)
 t - the +1 helmet of the Orcish Mines (worn) {rF+ Dex+4}
   (You took it off Robin on level 3 of the Dungeon)

   Dex:       It affects your dexterity (+4).
   rF:        It protects you from fire.
 y - a +2 chain mail of poison resistance
 I - a +0 pair of gloves (worn)
 O - a scarf of invisibility
 Q - a +1 robe of positive energy
 T - +0 acid dragon scales (worn)
Magical Staves
 k - a staff of death
Jewellery
 q - the ring of the Endless Expanse (left hand) {rPois Int+6 Dex+3}
   (You took it off a kobold on level 3 of the Dungeon)

   [ring of intelligence]

   Int:       It affects your intelligence (+6).
   Dex:       It affects your dexterity (+3).
   rPois:     It protects you from poison.
 v - a ring of ice (right hand)
 D - an amulet of regeneration (around neck)
 K - a ring of poison resistance
 V - a +6 ring of dexterity
Talismans
 C - a maw talisman
Wands
 B - a wand of roots (19)
 J - a wand of polymorph (5)
 N - a wand of flame (46)
 R - a wand of acid (6)
Scrolls
 c - 2 scrolls of enchant armour
 d - a scroll of torment
 f - 2 scrolls of revelation
 g - 2 scrolls of poison
 h - 6 scrolls of teleportation
 i - 5 scrolls of amnesia {unknown}
 j - a scroll of enchant weapon {unknown}
 m - 11 scrolls of identify
 n - 5 scrolls of vulnerability {unknown}
 o - 2 scrolls of immolation {unknown}
 s - a scroll of fear {unknown}
 A - 7 scrolls of fog {unknown}
 E - 4 scrolls of noise {unknown}
Potions
 e - a potion of enlightenment {unknown}
 p - 5 potions of curing
 w - 3 potions of berserk rage {unknown}
 x - 2 potions of brilliance {unknown}
 F - 4 potions of lignification {unknown}
 H - a potion of heal wounds {unknown}
 L - 5 potions of degeneration {unknown}
 M - 3 potions of might {unknown}


   Skills:
 * Level 11.3 Fighting
 + Level 5.1 Armour
 + Level 9.1 Dodging
 + Level 7.5 Stealth
 * Level 8.5 Spellcasting
 * Level 8.5 Conjurations
 * Level 8.5 Hexes
   Level 0.0 Charms
 * Level 8.5 Summonings
 * Level 8.5 Necromancy
 * Level 8.5 Translocations
 * Level 8.5 Transmutations
 * Level 8.5 Fire Magic
 * Level 8.5 Ice Magic
 * Level 8.5 Air Magic
 * Level 8.5 Earth Magic
 * Level 8.5 Poison Magic
 + Level 5.1 Invocations


You knew the following spells:

 Your Spells              Type           Power      Damage    Failure   Level
a - Foxfire               Conj/Fire      100%       2x1d9     1%          1
b - Scorch                Fire           100%       2d9       1%          2
c - Volatile Blastmotes   Fire/Tloc      100%       2d18      1%          3
d - Inner Flame           Hex/Fire       56%        N/A       1%          3
e - Flame Wave            Conj/Fire      56%        2d13      2%          4
f - Sting                 Tmut/Pois      100%       1d8       1%          1
g - Poisonous Vapours     Pois/Air       100%       N/A       1%          2
h - Frozen Ramparts       Ice            100%       1d16      1%          3
i - Call Canine Familiar  Summ           56%        N/A       1%          3
j - Silence               Hex/Air        28%        N/A       7%          5
k - Metabolic Englaciati  Hex/Ice        37%        N/A       7%          5
Your spell library was empty.

Dungeon Overview and Level Annotations

Branches:
Dungeon (13/15)            Temple (1/1) D:5            Lair (0/5) D:8
    Orc (0/2) D:9          Vaults (0/5) D:13          Sewer (visited)

Altars:
Ashenzari
Cheibriados
Dithmenos
Elyvilon
Fedhas
Gozag
Hepliaklqana
Makhleb
Nemelex Xobeh
Okawaru
Qazlal
Ru
Trog
Uskayaw
Wu Jian
Xom
Yredelemnul
Zin
The Shining One

Shops:
D:7 [   D:11 *

Annotations:
D:6 3 runed translucent doors, lessens's ghost, novice DsFi


Innate Abilities, Weirdness & Mutations

You are immune to sickness and miasma.
You are immune to poison.
Your flesh is very heat resistant. (rF++)
You are vulnerable to cold. (rC-)
You float through the air rather than walking.
You learn spells naturally, not from books.
Your magical power is your life essence.
You have superior vitality. (+4 MHP)


Message History

The flame wave engulfs the cyclops!
You kill the cyclops!
Makhleb accepts your kill.
You feel better.
The cloud of blastmotes explodes!
The vault guard closely misses you. The vault guard completely misses you.
The rakshasa hits you from afar with a +3 trident!
You have reached level 13!
The power to cast Metabolic Englaciation wells up from within.
Spell assigned to 'k'.
The air fills with toxic fumes!
As you read the scroll labelled SIKHYH TOLE XOO, it crumbles to dust.
It was a scroll of poison.
The brown ugly thing barely misses you.
The vault guard hits you with a +0 war axe!!
The vault guard hits you with a +0 war axe.
The rakshasa hits you from afar with a +3 trident!
As you read the scroll labelled BEIM WIMOVVU, it crumbles to dust.
You feel strangely unstable.
It was a scroll of teleportation.
The brown ugly thing completely misses you.
The vampire mosquito bites you but does no damage.
The vault guard hits you with a +0 war axe!
* * * LOW HITPOINT WARNING * * *
The vault guard hits you with a +0 war axe.
* * * LOW HITPOINT WARNING * * *
The rakshasa misses you.
It was a potion of curing.
You feel better.
The vampire mosquito closely misses you.
The brown ugly thing punches you but does no damage.
The cyclops is engulfed in poison gas.
The cyclops is poisoned.
The vampire mosquito barely misses you. The vault guard barely misses you.
The brown ugly thing basks in the mutagenic energy from its kin and changes!
The vault guard barely misses you.
The rakshasa hits you from afar with a +3 trident!
* * * LOW HITPOINT WARNING * * *
You feel better.
The vampire mosquito completely misses you.
The brown ugly thing basks in the mutagenic energy from its kin and changes!
The vault guard hits you with a +0 war axe!
* * * LOW HITPOINT WARNING * * *
A very large slime creature splits.
The vampire mosquito bites you.
You die...

. § ### ##. .§§§ #...
..########§§§§ #..#
#.#§§§§§§§§§§§ #..#
#.#§§§@yJ§§§§§
....#..####.#§§ppuJJ§§§§
....#.......#§§Ruh##§§##
....#......§§§§..§§.J.§§
....##...##§§§§§§§##J..§
....##..####§p§C§## .
....##.## ##§.§##
....#..## ##l##
....#...## ...


You could see 3 vault guards, 2 ugly things, a rakshasa, a large slime creature,
2 slime creatures, a cyclops (poisoned), a raiju, a basilisk and a vampire
mosquito.

Vanquished Creatures
  Kirke (D:13)
  Erica (D:8)
  2 centaur warriors (D:13)
  2 boulder beetles (D:12)
  A two-headed ogre (D:9)
  3 ugly things
  A cyclops (D:13)
  A manticore (D:12)
  A gargoyle (D:11)
  2 unseen horrors
  A komodo dragon (D:12)
  3 kobold demonologists (D:12)
  2 trolls
  Grinder (D:3)
  A hornet (D:7)
  A slime creature (D:11)
  A shadow (D:11)
  7 yaks
  A vampire (D:12)
  2 wraiths (D:12)
  4 water elementals (D:10)
  A basilisk (D:12)
  4 hogs (D:13)
  3 vampire mosquitoes (D:11)
  A water moccasin (D:7)
  4 acid dragons
  An orc warrior (D:9)
  A sky beast (D:8)
  An ice beast (D:7)
  A hornet zombie (D:6)
  12 centaurs
  2 ogres
  2 phantoms (D:5)
  5 kobold brigands
  3 bullfrogs
  3 gnoll sergeants (D:9)
  6 scorpions
  4 wights (D:8)
  16 killer bees
  2 howler monkeys (D:7)
  5 hounds
  5 orc priests
  8 jellies
  2 sleepcaps
  Jessica (D:3)
  2 iguanas
  8 orc wizards
  A hell rat (Sewer)
  A killer bee zombie (D:6)
  Robin (D:3)
  12 gnolls (D:9)
  4 river rats (Sewer)
  9 adders
  2 shadow imps (D:6)
  4 white imps
  An ufetubus (D:6)
  4 worms
  A dart slug (D:3)
  27 orcs
  19 endoplasms
  3 giant cockroaches
  12 goblins
  12 hobgoblins
  6 jackals
  4 quokkas
  13 ball pythons
  5 bats
  3 frilled lizards
  30 kobolds
  9 rats
325 creatures vanquished.

Vanquished Creatures (collateral kills)
  A two-headed ogre (D:10)
  A troll (D:11)
  A vampire mosquito (D:11)
3 creatures vanquished.

Vanquished Creatures (others)
  1130 foxfires
1130 creatures vanquished.

Grand Total: 1458 creatures vanquished

Notes
Turn   | Place    | Note
-------+----------+-------------------------------------------
     0 | D:1      | arthad the Djinni Fire Elementalist began the quest for the
                  | Orb.
     0 | D:1      | arthad set off with the following spells memorised:
                  | Foxfire, Scorch, Volatile Blastmotes, Inner Flame, Flame
                  | Wave.
     0 | D:1      | Reached XP level 1. HP: 15/15 MP: 0/0
   375 | D:1      | Reached XP level 2. HP: 21/22 MP: 0/0
   753 | D:1      | Reached skill level 1 in Fighting
   941 | D:2      | Noticed a scorpion
   945 | D:2      | Killed a scorpion
   946 | D:2      | Reached skill level 2 in Fighting
   946 | D:2      | Reached XP level 3. HP: 23/28 MP: 0/0
   946 | D:2      | Learned a level 1 spell: Sting
   946 | D:2      | Reached XP level 4. HP: 27/33 MP: 0/0
  1071 | D:2      | Reached XP level 5. HP: 29/38 MP: 0/0
  1071 | D:2      | Learned a level 2 spell: Poisonous Vapours
  1601 | D:3      | Found a faded altar of an unknown god.
  1719 | D:3      | Noticed Jessica
  1727 | D:3      | Killed Jessica
  1794 | D:3      | Identified the ring of the Endless Expanse {rPois Int+6
                  | Dex+3}
  1879 | D:3      | Found a snail-covered altar of Cheibriados.
  1882 | D:3      | Found a bloodstained altar of Trog.
  1893 | D:3      | Reached XP level 6. HP: 36/45 MP: 0/0
  1894 | D:3      | Found a burning altar of Makhleb.
  1902 | D:3      | Became a worshipper of Makhleb the Destroyer
  2005 | D:3      | Reached skill level 3 in Fighting
  2087 | D:3      | Identified the +1 helmet of the Orcish Mines {rF+ Dex+4}
  2087 | D:3      | Noticed Robin
  2104 | D:3      | Killed Robin
  2266 | D:3      | Noticed Grinder
  2288 | D:3      | Paralysed by Grinder for 2 turns
  2291 | D:3      | Killed Grinder
  2292 | D:3      | Reached XP level 7. HP: 38/51 MP: 0/0
  2292 | D:3      | Learned a level 3 spell: Frozen Ramparts
  2574 | D:4      | Reached skill level 4 in Fighting
  2775 | D:4      | Reached * piety under Makhleb
  3723 | D:5      | Entered Level 5 of the Dungeon
  3772 | D:5      | Reached XP level 8. HP: 25/58 MP: 0/0
  3886 | D:5      | Found a glowing drain.
  3902 | D:5      | Reached skill level 5 in Fighting
  3909 | Sewer    | Entered a sewer
  4255 | D:5      | Found a staircase to the Ecumenical Temple.
  4272 | Temple   | Entered the Ecumenical Temple
  4516 | D:6      | Found a runed translucent gate.
  4516 | D:6      | Found a runed translucent gate.
  4516 | D:6      | Found a runed translucent gate.
  4516 | D:6      | Noticed lessens's ghost (novice DsFi)
  4518 | D:6      | Found a basalt altar of Yredelemnul.
  4521 | D:6      | Reached ** piety under Makhleb
  4537 | D:6      | Reached skill level 5 in Dodging
  4701 | D:6      | Reached skill level 6 in Fighting
  4701 | D:6      | Reached skill level 5 in Spellcasting
  4701 | D:6      | Reached skill level 5 in Conjurations
  4701 | D:6      | Reached skill level 5 in Hexes
  4701 | D:6      | Reached skill level 5 in Summonings
  4701 | D:6      | Reached skill level 5 in Necromancy
  4701 | D:6      | Reached skill level 5 in Translocations
  4701 | D:6      | Reached skill level 5 in Transmutations
  4701 | D:6      | Reached skill level 5 in Fire Magic
  4701 | D:6      | Reached skill level 5 in Ice Magic
  4701 | D:6      | Reached skill level 5 in Air Magic
  4701 | D:6      | Reached skill level 5 in Earth Magic
  4701 | D:6      | Reached skill level 5 in Poison Magic
  4731 | D:6      | Reached XP level 9. HP: 66/66 MP: 0/0
  4731 | D:6      | Learned a level 3 spell: Call Canine Familiar
  4825 | D:6      | Found a hide-covered altar of Uskayaw.
  5443 | D:7      | Noticed a hornet
  5451 | D:7      | Killed a hornet
  5612 | D:7      | Found Uskanent's Antique Armour Shoppe.
  5622 | D:7      | Bought a glowing scarf for 184 gold pieces
  5666 | D:7      | Reached skill level 7 in Fighting
  5752 | D:7      | Found a stormy altar of Qazlal.
  5904 | D:8      | Found a staircase to the Lair.
  6014 | D:8      | Reached skill level 5 in Stealth
  6359 | D:8      | Noticed Erica
  6375 | D:8      | Killed Erica
  6376 | D:8      | Reached skill level 8 in Fighting
  6376 | D:8      | Reached XP level 10. HP: 40/76 MP: 0/0
  6697 | D:8      | Reached *** piety under Makhleb
  7016 | D:9      | Reached skill level 1 in Armour
  7016 | D:9      | Reached skill level 1 in Invocations
  7093 | D:9      | Found an opulent altar of Gozag.
  7221 | D:9      | Found a staircase to the Orcish Mines.
  7435 | D:9      | Reached skill level 9 in Fighting
  7695 | D:10     | Entered Level 10 of the Dungeon
  7695 | D:10     | Noticed a two-headed ogre
  7705 | D:9      | Killed a two-headed ogre
  7706 | D:9      | Reached XP level 11. HP: 45/84 MP: 0/0
  7706 | D:9      | Learned a level 5 spell: Silence
  7771 | D:10     | Found a white marble altar of Elyvilon.
  7795 | D:10     | Reached **** piety under Makhleb
  8024 | D:10     | Found an ornate altar of the Wu Jian Council.
  8068 | D:10     | Noticed a two-headed ogre
  8078 | D:10     | Killed a two-headed ogre
  8149 | D:10     | Found a sacrificial altar of Ru.
  8844 | D:11     | Found a hide-covered altar of Uskayaw.
  8844 | D:11     | Noticed a +0 short sword
  8844 | D:11     | Noticed a +0 spear
  8845 | D:11     | Noticed a +0 short sword
  8846 | D:11     | Noticed a +0 spear
  8847 | D:11     | Noticed a +0 falchion
  8847 | D:11     | Noticed a +0 dagger
  8848 | D:11     | Noticed a +0 dagger
  8848 | D:11     | Noticed a +0 falchion
  8861 | D:11     | Found Divvueci's General Store.
  8880 | D:11     | Reached skill level 10 in Fighting
  9094 | D:11     | Reached ***** piety under Makhleb
  9312 | D:12     | Noticed a white ugly thing
  9327 | D:11     | Killed a white ugly thing
  9423 | D:12     | Reached XP level 12. HP: 91/91 MP: 0/0
  9505 | D:12     | Found a blossoming altar of Fedhas.
  9647 | D:12     | Noticed a boulder beetle
  9659 | D:12     | Killed a boulder beetle
  9720 | D:12     | Noticed a boulder beetle
  9733 | D:12     | Killed a boulder beetle
 10161 | D:13     | Noticed Kirke
 10171 | D:13     | Reached skill level 11 in Fighting
 10171 | D:13     | Killed Kirke
 10198 | D:13     | Noticed a centaur warrior
 10203 | D:13     | Noticed a centaur warrior
 10206 | D:13     | Killed a centaur warrior
 10212 | D:13     | Killed a centaur warrior
 10213 | D:13     | Reached skill level 5 in Armour
 10213 | D:13     | Reached skill level 5 in Invocations
 10342 | D:13     | Found a gate to the Vaults.
 10342 | D:13     | Noticed a rakshasa
 10342 | D:13     | Noticed a vault guard
 10342 | D:13     | Noticed a vault guard
 10342 | D:13     | Noticed a vault guard
 10342 | D:13     | Noticed a vault guard
 10358 | D:13     | Reached XP level 13. HP: 69/99 MP: 0/0
 10358 | D:13     | Learned a level 5 spell: Metabolic Englaciation
 10361 | D:13     | HP: 2/99 [vault guard/+0 war axe (16)]
 10361 | D:13     | Slain by a vampire mosquito

Illustrated notes

Levels and vault maps discovered:
D:1:      sevenhm_arrival_forest_fort_small_6, layout_basic, nrook_uturn,
          amcnicky_mini_rare_corridor_liquid
D:2:      layout_rooms, minmay_tromino_v4_b
D:3:      layout_basic, grunt_temple_overflow_open,
          shapermc_ecumenical_altar_totnotflames, grunt_ministairs_7,
          minmay_pentomino_pile, uniq_grinder, uniq_robin, uniq_jessica
D:4:      layout_basic, hangedman_feature_mirror, minmay_joined_circles
D:5:      layout_basic, minmay_temple_entry_glass, cheibrodos_sewer_entry_bend
D:6:      layout_loops_ring, jmf_multi_god_temple,
          nicolae_yredelemnul_ghost_church, grunt_decor_resistance,
          chequers_serial_rivers_marsh, nicolae_elevator_lobby_asterisk
D:7:      layout_cave_pools, nicolae_qazlal_eye_of_the_storm, serial_shops,
          kennysheep_little_box, minmay_strange_pillars
D:8:      minmay_skewed_foursquare, layout_gridville, lair_entry_dummy,
          minivault_5, kennysheep_generic_room_6, uniq_erica
D:9:      layout_loops_ring, grunt_gozag_breadcrumbs, erik_orc_3
D:10:     layout_cave_pods, mainiacjoe_overflow_alcove_1, lemuel_doored_altar,
          nicolae_ru_great_annihilating_truth, nicolae_underground_beach
D:11:     lemuel_slime, layout_irregular_city, serial_shops,
          nicolae_shop_advertising_works [nicolae_subvault_shop_adworks],
          nicolae_uskayaw_en_pointe
D:12:     layout_roguey, minmay_misc_feat_plants, minivault_16, fedhas_altar_3
D:13:     layout_stronghold, lightli_vaults_fourway_checkpoint,
          hangedman_fish_farm, uniq_kirke
Temple:   minmay_temple_curvy_loop

Skill      XL: |  1  2  3  4  5  6  7  8  9 10 11 12 |
---------------+-------------------------------------+-----
Spellcasting   | 4 5 6 7 8 |  8.5
Conjurations   | 4 5 6 7 8 |  8.5
Hexes          | 4 5 6 7 8 |  8.5
Summonings     | 4 5 6 7 8 |  8.5
Necromancy     | 4 5 6 7 8 |  8.5
Translocations | 4 5 6 7 8 |  8.5
Transmutations | 4 5 6 7 8 |  8.5
Fire Magic     | 4 5 6 7 8 |  8.5
Ice Magic      | 4 5 6 7 8 |  8.5
Air Magic      | 4 5 6 7 8 |  8.5
Earth Magic    | 4 5 6 7 8 |  8.5
Poison Magic   | 4 5 6 7 8 |  8.5
Fighting       | 2 3 4 6 8 9 10 11 | 11.3
Stealth        | 2 3 4 5 6 7 |  7.5
Dodging        | 3 4 5 6 7 8 9 |  9.1
Armour         | 2 3 5 |  5.1
Invocations    | 2 3 5 |  5.1

Action                     |  1- 3 |  4- 6 |  7- 9 | 10-12 | 13-15 || total
---------------------------+-------+-------+-------+-------+-------++-------
  Melee: War axe           |       |       |     4 |    52 |       ||    56
         Punch             |       |       |       |     3 |       ||     3
   Cast: Foxfire           |    33 |   102 |   244 |   307 |       ||   686
         Scorch            |     1 |    13 |    42 |    94 |       ||   150
         Volatile Blastmot |       |     1 |     2 |     6 |       ||     9
         Poisonous Vapours |       |       |     2 |    18 |       ||    20
         Flame Wave        |       |       |     1 |    16 |       ||    17
         Call Canine Famil |       |       |     1 |     9 |       ||    10
         Frozen Ramparts   |       |       |       |     1 |       ||     1
  Evoke: Wand              |       |       |     1 |       |       ||     1
    Use: Scroll            |       |       |     5 |       |     2 ||     7
         Potion            |       |       |       |       |     2 ||     2
 Armour: Robe              |       |     2 |    19 |     6 |       ||    27
         Acid dragon scale |       |       |       |    73 |     2 ||    75
  Dodge: Dodged            |     4 |     5 |    53 |   205 |     8 ||   275

Table legend: (Time is in decaauts)
 A = Elapsed time spent in this place.
 B = Non-inter-level travel time spent in this place.
 C = Inter-level travel time spent in this place.
 D = Time resting spent in this place.
 E = Time spent auto-exploring this place.
 F = Levels seen in this place.
 G = Mean time per level.
                   A        B        C        D        E       F      G
               +--------+--------+--------+--------+--------+-----+--------+
         Total |  10425 |   9998 |    427 |    204 |   7906 |  15 |  695.0 |
       Dungeon |  10331 |   9904 |    427 |    204 |   7865 |  13 |  794.7 |
        Temple |      1 |      1 |      0 |      0 |      0 |   1 |    1.0 |
         Sewer |     92 |     92 |      0 |      0 |     41 |   1 |   92.0 |
               +--------+--------+--------+--------+--------+-----+--------+

Top non-repeatable levels by time:
     D:4: 1187 daAuts
     D:3: 938 daAuts
     D:8: 934 daAuts
     D:1: 924 daAuts
     D:9: 921 daAuts
     D:6: 851 daAuts
    D:11: 834 daAuts
    D:10: 819 daAuts
    D:12: 813 daAuts
     D:5: 672 daAuts
     D:2: 670 daAuts
     D:7: 563 daAuts
    D:13: 199 daAuts
   Sewer: 92 daAuts
  Temple: 1 daAuts
